 Dungeon Crawl Stone Soup version 0.25-a0-42-g6c54e25894 (webtiles) character file.

Game seed: 5377559517379292694, levelgen mode: deterministic

2 Chiseanne the Conjurer (level 1, 0/15 HPs)
             Began as a Demonspawn Wanderer on Oct 22, 2019.
             Succumbed to a kobold's poison
             ... on level 1 of the Dungeon.
             The game lasted 00:00:37 (69 turns).

Chiseanne the Conjurer (Demonspawn Wanderer)          Turns: 69, Time: 00:00:38

Health: 0/15       AC:  2    Str: 13    XL:     1   Next: 33%
Magic:  2/2        EV: 11    Int:  9    God:
Gold:   0          SH:  0    Dex: 15    Spells: 2/2 levels left

rFire    . . .     SeeInvis .   a - +0 dagger
rCold    . . .     Gourm    .   (no shield)
rNeg     . . .     Faith    .   d - +0 robe
rPois    .         Spirit   .   (no helmet)
rElec    .         Reflect  .   (no cloak)
rCorr    .         Harm     .   (no gloves)
MR       .....                  (no boots)
Stlth    ++........             (no amulet)
HPRegen  0.05/turn              (no ring)
MPRegen  0.08/turn              (no ring)

@: lethally poisoned (0 -> -38)
A: no striking features
a: no special abilities


You were on level 1 of the Dungeon.
You were not hungry.

You visited 1 branch of the dungeon, and saw 1 of its levels.

Inventory:

Hand Weapons
 a - a +0 dagger (weapon)
Armour
 d - a +0 robe (worn)
Potions
 b - a potion of flight {unknown}
 c - a potion of lignification
Comestibles
 f - a ration


   Skills:
 * Level 1.1 Fighting
 + Level 0.1 Short Blades
 * Level 0.2 Dodging
 - Level 1.0 Stealth
 - Level 1.7 Unarmed Combat
 - Level 1.0 Spellcasting
   Level 2.0 Conjurations
   Level 1.7 Translocations
   Level 1.0 Evocations


You had 2 spell levels left.
You didn't know any spells.
Your spell library contained the following spells:

 Spells                   Type           Power        Failure   Level  Hunger
 Magic Dart               Conj           #...         16%         1    ##.....
 Searing Ray              Conj           #.....       24%         2    ###....
 Pain                     Necr           #...         36%         1    ##.....
 Dazzling Spray           Conj/Hex       #.....       58%         3    ####...
 Regeneration             Chrm/Necr      #.........   73%         3    ####...
 Iskenderun's Mystic Bla  Conj           #.......     85%         4    #####..
 Force Lance              Conj/Tloc      #.......     86%         4    #####..
 Fulminant Prism          Conj/Hex       #.........   94%         4    #####..


Dungeon Overview and Level Annotations

Branches:
Dungeon (1/15)

Altars:


Message History

The kobold hits you with a +1 whip of venom.
You are lethally poisoned!
You hit the kobold but do no damage.
You feel sick.
The kobold hits you with a +1 whip of venom.
You are more poisoned.
You hit the kobold.
The kobold is moderately wounded.
You feel sick. The kobold hits you but does no damage.
You are more poisoned.
You hit the kobold but do no damage.
The kobold is moderately wounded.
You feel sick. The kobold barely misses you.
You barely miss the kobold.
The kobold is moderately wounded.
* * * LOW HITPOINT WARNING * * *
You feel sick. The kobold hits you but does no damage.
You are more poisoned.
You barely miss the kobold.
The kobold is moderately wounded.
You die...

#..# ##..## ##..#####...#
#....#.....## #.........##
#........####
#...#.......## #####
###....##..#...
#.###...####[###.####...##
#.......K@.....#.# #####
#..##...######...#
#..........# #####
#.....K.)..# ##.........#
#.##...#### # #...# #...#
##.#.


You could see a kobold.

Vanquished Creatures
  A hobgoblin (D:1)
  2 rats (D:1)
3 creatures vanquished.

Notes
Turn   | Place    | Note
-------+----------+-------------------------------------------
     0 | D:1      | Chiseanne the Demonspawn Wanderer began the quest for the
                  | Orb.
     0 | D:1      | Chiseanne set off with the following items: a +0 dagger, a
                  | potion of lignification, a +0 robe, a ration; and the
                  | following spells available to memorise: Magic Dart, Searing
                  | Ray, Pain, Dazzling Spray, Regeneration, Iskenderun's
                  | Mystic Blast, Force Lance, Fulminant Prism
     0 | D:1      | Reached XP level 1. HP: 15/15 MP: 2/2
    69 | D:1      | Succumbed to a kobold's poison

Levels and vault maps discovered:
D:1:      dpeg_arrival_round_b, layout_loops_ring, serial_park_tiny_1,
          st_stairs_9

Action                   || total
-------------------------++-------
Melee: Dagger            ||    13
 Stab: Sleeping          ||     1
Armor: Robe              ||     1
Dodge: Dodged            ||     4

Table legend:
 A = Non-vault XP
 B = Vault XP
 C = Vault XP percentage of total XP
 D = Non-vault monster count
 E = Vault monster count
 F = Vault count percentage of total count
                 A         B        C        D         E       F
            +---------+---------+-------+---------+---------+-------
      Total |       4 |       0 |   0.0 |       3 |       0 |   0.0
            +---------+---------+-------+---------+---------+-------
        D:1 |       4 |       0 |   0.0 |       3 |       0 |   0.0
            +---------+---------+-------+---------+---------+-------
